 Dungeon Crawl Stone Soup version 0.27-a0-1296-g8ece459b43 (webtiles) character file.

Game seed: 15656771034117154726

574 Glokmah the Sneak (level 7, -3/40 HPs)
             Began as a Tengu Brigand on June 16, 2021.
             Slain by a black bear (12 damage)
             ... on level 5 of the Dungeon.
             The game lasted 00:09:27 (5955 turns).

Glokmah the Sneak (Tengu Brigand)                   Turns: 5955, Time: 00:09:28

Health: -3/40      AC:  3    Str: 11    XL:     7   Next: 34%
Magic:  10/10      EV: 15    Int: 12    God:
Gold:   208        SH:  0    Dex: 17    Spells: 7/9 levels left

rFire    . . .     SeeInvis .   o - +2 whip (venom)
rCold    . . .     Faith    .   (no shield)
rNeg     . . .     Spirit   .   q - +0 robe
rPois    .         Reflect  .   (helmet restricted)
rElec    .         Harm     .   c - +0 cloak
rCorr    .         Rampage  .   (no gloves)
Will     .....                  (boots unavailable)
Stlth    +++.......             (no amulet)
HPRegen  0.13/turn              (no ring)
MPRegen  0.12/turn              (no ring)

@: flying quickly and evasively, quick
A: beak, talons 3, nimble flight
a: no special abilities


You were on level 5 of the Dungeon.
You visited 1 branch of the dungeon, and saw 5 of its levels.

You collected 208 gold pieces.

Inventory:

Hand Weapons
 a - a +2 dagger
 b - the +6 hunting sling of the Coward {freeze, Dex+4}
   (You found it on level 4 of the Dungeon)

   It causes projectiles fired from it to freeze those they strike, causing
   extra injury to most foes and up to half again as much damage against
   particularly susceptible opponents.
   They can also slow down cold-blooded creatures.
   It affects your dexterity (+4).
 n - a +2 vampiric spear
 o - a +2 whip of venom (weapon)
Missiles
 d - 24 poisoned darts (quivered)
 e - 2 curare-tipped darts
 l - 2 throwing nets
 r - 32 stones
Armour
 c - a +0 cloak (worn)
 q - a +0 robe (worn)
Jewellery
 p - an amulet of the acrobat
Scrolls
 f - a scroll of identify
 i - a scroll of fear
Potions
 g - 7 potions of curing
 h - 3 potions of brilliance
 j - a potion of haste
 k - a potion of lignification
 t - 2 potions of cancellation


   Skills:
 + Level 2.9 Fighting
 * Level 4.3 Short Blades
 * Level 0.6(2.1) Slings
 - Level 3.2(3.3) Throwing
 + Level 2.6 Dodging
 * Level 5.6 Stealth
 + Level 1.5 Spellcasting
 * Level 1.9 Translocations
 + Level 0.9 Poison Magic


You had 7 spell levels left.
You knew the following spells:

 Your Spells              Type           Power      Damage    Failure   Level
a - Blink                 Tloc           N/A        N/A       21%         2

Your spell library contained the following spells:

 Spells                   Type           Power      Damage    Failure   Level
 Sting                    Tmut/Pois      8%         1d3       24%         1
 Beastly Appendage        Tmut           0%         N/A       28%         1
 Freeze                   Ice            0%         1d3       28%         1
 Magic Dart               Conj           0%         1d3       28%         1
 Poisonous Vapours        Pois/Air       4%         N/A       34%         2
 Call Imp                 Summ           0%         N/A       41%         2
 Slow                     Hex            0%         N/A       41%         2
 Wereblood                Tmut           0%         N/A       41%         2
 Spider Form              Tmut/Pois      1%         N/A       56%         3
 Ignite Poison            Fire/Tmut/Pois 1%         N/A       58%         3
 Mephitic Cloud           Conj/Pois/Air  1%         N/A       58%         3
 Conjure Flame            Conj/Fire      0%         6-21      65%         3
 Frozen Ramparts          Ice            0%         1d2       65%         3
 Ozocubu's Armour         Ice            0%         N/A       65%         3
 Olgreb's Toxic Radiance  Pois           3%         N/A       88%         4
 Hailstorm                Conj/Ice       0%         3d3       96%         4
 Ice Form                 Ice/Tmut       0%         N/A       96%         4
 Metabolic Englaciation   Hex/Ice        0%         N/A       100%        5


Dungeon Overview and Level Annotations

Branches:
Dungeon (5/15)
 Temple: D:4-7

Altars:
Fedhas

Annotations:
D:2 Sigmund


Innate Abilities, Weirdness & Mutations

You have a beak for a mouth.
You have claws for feet.
Your magical nature lets you fly swiftly and evasively.


Message History

r - 31 stones (gained 1)
r - 32 stones (gained 1)
You reach down and open the door.
There is an open door here.
You feel your willpower return.
You reach down and open the door.
A black bear and an ice beast come into view.
Found a leather armour.
Found a stone staircase leading down.
The +6 hunting sling of the Coward {freeze, Dex+4} stops glowing.
a - a +2 dagger (weapon)
The black bear growls angrily.
There is an open door here.
The ice beast closely misses you.
Your +2 whip of venom begins to drip with poison!
o - a +2 whip of venom (weapon)
You reach down and open the door.
There is an open door here.
You hit the ice beast but do no damage.
You claw the ice beast, but do no damage.
Your peck misses the ice beast.
The ice beast hits you but does no damage.
You hit the ice beast but do no damage. The ice beast barely misses you.
You hit the black bear.
The black bear is poisoned.
Your kick misses the black bear. You peck the black bear.
The black bear is moderately wounded.
The black bear bites you!
The black bear claws you but does no damage.
The black bear closely misses you. The ice beast completely misses you.
You hit the black bear.
The black bear looks as sick as possible!
You peck the black bear.
The black bear is heavily wounded.
The black bear goes berserk!
The ice beast hits you. The ice beast freezes you!
The ice beast barely misses you. The black bear bites you!
* * * LOW HITPOINT WARNING * * *
The black bear claws you but does no damage.
The black bear barely misses you.
The black bear rages.
The black bear bites you!
You die...

#.......# ##....#
#...†...# ##....#
#.......# #.....#
#.......# #.....#
#..<....+ #.....#
#.......# #.....#
#.......# #.....#
#.......########....#
########..<.@..#....#
#.....h.#....#
#.......#....#
#.......Y....#
#.......#....#
....###'####....#
....#...........#
....+...........#
....#...........#


You could see a black bear (berserk, extremely poisoned) and an ice beast.

Vanquished Creatures
  A phantom (D:4)
  A scorpion (D:5)
  A jelly (D:4)
  A centaur zombie (D:4)
  3 hounds
  An iguana (D:5)
  A howler monkey skeleton (D:4)
  8 adders
  7 gnolls
  4 worms
  2 orcs (D:3)
  11 ball pythons
  4 endoplasms
  9 hobgoblins
  19 jackals
  7 quokkas
  11 bats
  4 frilled lizards
  6 goblins
  6 kobolds
  4 rats
111 creatures vanquished.

Notes
Turn   | Place    | Note
-------+----------+-------------------------------------------
     0 | D:1      | Glokmah the Tengu Brigand began the quest for the Orb.
     0 | D:1      | Reached XP level 1. HP: 12/12 MP: 2/2
   346 | D:1      | Reached XP level 2. HP: 17/17 MP: 3/3
   708 | D:1      | Found a faded altar of an unknown god.
  1021 | D:1      | Reached XP level 3. HP: 17/21 MP: 4/4
  1373 | D:2      | Noticed Sigmund
  2043 | D:2      | Learned a level 2 spell: Blink
  2180 | D:2      | Reached XP level 4. HP: 25/26 MP: 5/5
  2725 | D:3      | Gained mutation: Your magical nature lets you fly swiftly
                  | and evasively. [Tengu growth]
  2725 | D:3      | Reached XP level 5. HP: 31/31 MP: 6/6
  3070 | D:3      | Reached skill level 5 in Stealth
  3559 | D:2      | Reached skill level 1 in Translocations
  4438 | D:3      | Reached XP level 6. HP: 36/36 MP: 8/8
  4497 | D:3      | Found a blossoming altar of Fedhas.
  4655 | D:3      | Reached skill level 1 in Spellcasting
  5371 | D:4      | Identified the +6 hunting sling of the Coward {freeze,
                  | Dex+4}
  5673 | D:4      | Reached XP level 7. HP: 37/40 MP: 9/9
  5830 | D:5      | Entered Level 5 of the Dungeon
  5955 | D:5      | Slain by a black bear

Illustrated notes

Levels and vault maps discovered:
D:1:      sevenhm_arrival_forest_fort_large_1, layout_loops_corners,
          basic_ecumenical_altar
D:2:      layout_rooms, kennysheep_generic_room_8, uniq_sigmund
D:3:      minmay_chambers_of_threes, layout_loops_ring, fedhas_altar_2,
          saegor_snake_ambush
D:4:      layout_loops_cross
D:5:      layout_gridville, uniq_blork_the_orc, uniq_ijyb

Skill      XL: |  1  2  3  4  5  6 |
---------------+-------------------+-----
Short Blades   | 3 4 |  4.3
Dodging        | 2 |  2.6
Stealth        | 5 |  5.6
Translocations | 1 |  1.9
Spellcasting   | 1 |  1.5
Throwing       | 3 |  3.2
Fighting       | |  2.9
Slings         | |  0.6
Poison Magic   | |  0.9

Action                   |  1- 3 |  4- 6 |  7- 9 || total
-------------------------+-------+-------+-------++-------
Melee: Dagger            |   102 |   162 |     2 ||   266
       Kick              |    20 |    37 |     2 ||    59
       Peck              |    11 |    19 |     2 ||    32
       Whip              |       |     5 |     4 ||     9
 Fire: Hunting sling     |       |       |     9 ||     9
Throw: Dart              |     9 |    33 |       ||    42
  Use: Scroll            |       |       |     8 ||     8
 Stab: Sleeping          |    10 |    17 |     1 ||    28
Armor: Robe              |    23 |    17 |     3 ||    43
Dodge: Dodged            |    72 |   101 |     6 ||   179

Table legend: (Time is in decaauts)
 A = Elapsed time spent in this place.
 B = Non-inter-level travel time spent in this place.
 C = Inter-level travel time spent in this place.
 D = Time resting spent in this place.
 E = Time spent auto-exploring this place.
 F = Levels seen in this place.
 G = Mean time per level.
                   A        B        C        D        E       F      G
               +--------+--------+--------+--------+--------+-----+--------+
         Total |   5754 |   5210 |    544 |   1631 |   2395 |   5 | 1150.8 |
       Dungeon |   5754 |   5210 |    544 |   1631 |   2395 |   5 | 1150.8 |
               +--------+--------+--------+--------+--------+-----+--------+

Top non-repeatable levels by time:
     D:3: 1683 daAuts
     D:1: 1678 daAuts
     D:2: 1431 daAuts
     D:4: 846 daAuts
     D:5: 114 daAuts
